 Dungeon Crawl Stone Soup version 0.24.0-123-gd5b16e6ec5 (webtiles) character file.

Game seed: 4147600773545691048, levelgen mode: deterministic

13582 Descartes the Grappler (level 12, -3/63 HPs)
             Began as a Vine Stalker Fighter on Jan 24, 2020.
             Was a Priest of Wu Jian.
             Slain by a black mamba (7 damage)
             ... on level 1 of the Lair of Beasts.
             The game lasted 00:37:00 (9677 turns).

Descartes the Grappler (Vine Stalker Fighter)       Turns: 9677, Time: 00:37:01

Health: -3/63      AC: 13    Str: 25    XL:     12   Next: 7%
Magic:  0/22       EV: 10    Int: 11    God:    Wu Jian [***...]
Gold:   527        SH: 12    Dex: 14    Spells: 14/23 levels left

rFire    . . .     SeeInvis .   p - +10 mace "Tyrghimp" {venom, rPois Stlth+}
rCold    . . .     Gourm    .   b - +0 shield
rNeg     . . .     Faith    .   F - +0 troll leather armour {Purgy}
rPois    +         Spirit   +   l - +2 hat
rElec    .         Reflect  .   (no cloak)
rCorr    .         Harm     .   (no gloves)
MR       +....                  u - +2 pair of boots {Stlth+}
Stlth    ++++++....             (no amulet)
HPRegen  1.40/turn              S - +4 ring of strength
MPRegen  0.18/turn              Q - +2 ring of protection

@: lethally poisoned (-3 -> -3)
A: antennae 1, fangs 3, rugged brown scales 1, poison resistance, regeneration
2, evolution 2, magic shield, antimagic bite, no potion heal 3, rot immunity
a: Wall Jump, Serpent's Lash, Renounce Religion


You were on level 1 of the Lair of Beasts.
You worshipped Wu Jian.
Wu Jian was most pleased with you.
You were not hungry.

You visited 3 branches of the dungeon, and saw 13 of its levels.
You also visited: Sewer and Bailey.

You collected 667 gold pieces.
You spent 140 gold pieces at shops.

Inventory:

Hand Weapons
 p - the +10 mace "Tyrghimp" (weapon) {venom, rPois Stlth+}
   (You took it off a centaur on level 9 of the Dungeon)

   It poisons the flesh of those it strikes.
   It protects you from poison.
   It makes you more stealthy.
 V - a +2 scimitar of flaming
 W - a +3 trident
Missiles
 a - a throwing net
 h - 73 bolts
 n - 523 stones (quivered)
 o - 175 arrows
 s - 5 atropa-tipped darts
 v - 42 poisoned darts
 w - 171 sling bullets
 L - 18 boomerangs
Armour
 b - a +0 shield (worn)
 l - a +2 hat (worn)
 u - a +2 pair of boots of stealth (worn)
 F - a +0 troll leather armour (worn) {Purgy}
 U - +0 ice dragon scales
Jewellery
 f - an uncursed ring of see invisible
 x - an uncursed ring of resist corrosion
 Q - a +2 ring of protection (right hand)
 S - a +4 ring of strength (left hand)
Wands
 t - a wand of iceblast (8)
 y - a wand of flame (20)
 E - a wand of scattershot (2)
 G - a wand of enslavement (8)
 I - a wand of paralysis (6)
 N - a wand of polymorph (10)
 O - a wand of disintegration (31)
 X - a wand of digging (2)
Scrolls
 e - 2 scrolls of fear
 i - 13 scrolls of remove curse
 m - 5 scrolls of enchant weapon
 B - 3 scrolls of teleportation
 D - 3 scrolls of amnesia
 J - a scroll of magic mapping
 K - a scroll of enchant armour
 M - a scroll of fog
 P - a scroll of holy word
 Y - a scroll of vulnerability {unknown}
 Z - a scroll of torment {unknown}
Potions
 c - 3 potions of might
 j - 2 potions of magic
 k - 2 potions of berserk rage
 q - 3 potions of agility
 r - a potion of invisibility
 z - 7 potions of curing
 A - a potion of resistance
 C - a potion of flight
 H - 2 potions of mutation
 R - 2 potions of brilliance
 T - 5 potions of lignification
Miscellaneous
 g - a fan of gales
Comestibles
 d - 19 rations


   Skills:
 + Level 6.4 Fighting
 + Level 2.0 Maces & Flails
 + Level 5.8 Armour
 + Level 1.0 Dodging
 + Level 8.2 Stealth
 * Level 9.1 Shields
 * Level 9.4 Unarmed Combat
 + Level 6.2 Spellcasting
 + Level 4.1 Transmutations
 + Level 2.2 Evocations


You had 14 spell levels left.
You knew the following spells:

 Your Spells              Type           Power        Failure   Level  Hunger
a - Sticks to Snakes      Tmut           ##......     13%         2    ##.....
b - Blade Hands           Tmut           ##........   93%         5    ######.
c - Confusing Touch       Hex            #.....       43%         1    None
d - Apportation           Tloc           #.....       43%         1    None

Your spell library contained the following spells:

 Spells                   Type           Power        Failure   Level  Hunger
 Beastly Appendage        Tmut           ##....       9%          1    None
 Animate Skeleton         Necr           N/A          43%         1    None
 Sting                    Conj/Pois      #...         43%         1    None
 Summon Small Mammal      Summ           #...         43%         1    None
 Spider Form              Tmut/Pois      #.........   52%         3    ###....
 Ice Form                 Ice/Tmut       #.......     89%         4    ####...
 Irradiate                Conj/Tmut      #.........   99%         5    ######.
 Fireball                 Conj/Fire      #.........   100%        5    ######.
 Spellforged Servitor     Conj/Summ      #.........   100%        7    #######


Dungeon Overview and Level Annotations

Branches:
Dungeon (10/15)            Temple (1/1) D:6            Lair (2/6) D:10
  Sewer (visited)          Bailey (visited)
  Swamp: Lair:2-4    Shoals: Lair:2-4     Snake: Lair:2-4    Spider: Lair:2-4
    Orc: D:9-12

Altars:
Ashenzari
Cheibriados
Dithmenos
Elyvilon
Fedhas
Gozag
Hepliaklqana
Kikubaaqudgha
Makhleb
Nemelex Xobeh
Okawaru
Qazlal
Ru
Sif Muna
Trog
Uskayaw
Vehumet
Wu Jian
Xom
Yredelemnul
Zin
The Shining One

Shops:
D:7 !


Innate Abilities, Weirdness & Mutations

You have razor-sharp teeth.
You heal very quickly.
When hurt, damage is shared between your health and your magic reserves.
Your bite disrupts and absorbs the magic of your enemies.
Potions cannot restore your health.
You are immune to rotting.
You have a pair of small antennae on your head.
You are partially covered in rugged brown scales. (AC +1, +3% HP)
Your system is resistant to poisons. (rPois)
You rapidly evolve.


Message History

The black mamba is lightly wounded.
You block the black mamba's attack. You block the water moccasin's attack.
The black mamba bites you.
You are poisoned.
The black mamba poisons you!
The water moccasin bites you but does no damage.
You spin to attack the black mamba, but your attack speed is too slow for a blow to land.
You feel sick.
The black mamba bites you but does no damage.
The black mamba bites you!
* * * LOW HITPOINT WARNING * * *
You feel sick.
You feel sick. You block the water moccasin's attack.
You feel sick.
The water moccasin bites the fungus!
You block the black mamba's attack.
You closely miss the black mamba.
You feel sick.
The water moccasin bites the fungus.
The black mamba bites you!
* * * LOW HITPOINT WARNING * * *
The water moccasin bites the fungus.
The black mamba bites you!
You die...

#....................# #
#......#..........#..# ###
#.........#.#........## ##..
##.......####..####...### ###...
#.......# #### ####..P###...##
###.......## #.##.......####
...........# ######........#### #
..........####.P......##.#.##.###
...........#..SS@..######........
..##.......†...##### ##.......
..#.......##P### #.#......
.......####### ##....... .†..####
#........ .#.###### #........
.#####..###### ##........
..........#..### #P.......÷
#..............# ##........


You could see a black mamba and a water moccasin.

Vanquished Creatures
  Harold (D:6)
  A hydra (Lair:1)
  Erica (D:8)
  A two-headed ogre (D:10)
  Pikel (D:6)
  A spiny frog (Lair:1)
  A centaur skeleton (D:10)
  A komodo dragon (Lair:1)
  A troll (D:9)
  5 blink frogs (Lair:1)
  4 hippogriffs
  9 yaks
  Eustachio (D:4)
  A swamp worm (D:8)
  2 water moccasins
  9 orc warriors
  4 porcupines
  Purgy (Sewer)
  2 ice beasts (D:8)
  2 sky beasts
  3 phantoms
  4 black bears
  8 ogres
  A wolf (Lair:1)
  4 centaurs
  8 crocodiles
  2 big kobolds (D:8)
  4 bullfrogs
  A wyvern zombie (D:7)
  4 scorpions
  3 killer bees (D:10)
  5 wights (D:6)
  A howler monkey (D:7)
  3 crimson imps
  A bullfrog skeleton (D:7)
  6 hounds
  A jelly (D:8)
  A bullfrog zombie (D:7)
  An orc priest (D:3)
  3 orc wizards (D:9)
  4 iguanas
  Jessica (D:2)
  6 worker ants
  A hound zombie (D:5)
  2 hound skeletons
  3 gnolls (D:4)
  12 adders
  2 river rats (D:3)
  An ooze (D:1)
  2 adder zombies (D:6)
  An adder skeleton (D:4)
  2 worms (D:3)
  4 leopard geckos
  20 orcs
  A ball python (D:2)
  6 bats
  6 giant cockroaches
  10 goblins
  6 hobgoblins
  10 jackals
  12 kobolds
  4 quokkas
  5 frilled lizards
  A quokka skeleton (D:5)
  5 rats
240 creatures vanquished.

Vanquished Creatures (others)
  A slave (D:7)
  A fungus (D:10)
  2 plants (D:8)
4 creatures vanquished.

Grand Total: 244 creatures vanquished

Notes
Turn   | Place    | Note
-------+----------+-------------------------------------------
     0 | D:1      | Descartes the Vine Stalker Fighter began the quest for the
                  | Orb.
     0 | D:1      | Reached XP level 1. HP: 11/11 MP: 2/2
    93 | D:1      | Reached XP level 2. HP: 12/16 MP: 3/3
   799 | D:2      | Reached XP level 3. HP: 18/19 MP: 4/4
   946 | D:2      | Noticed Jessica
   955 | D:2      | Killed Jessica
   955 | D:2      | Reached skill level 1 in Stealth
   955 | D:2      | Gained mutation: Your natural rate of healing is unusually
                  | fast. [Vine Stalker growth]
   955 | D:2      | Reached XP level 4. HP: 23/24 MP: 4/6
   958 | D:2      | Reached skill level 1 in Spellcasting
  1384 | D:3      | Reached XP level 5. HP: 15/28 MP: 3/7
  1689 | D:3      | Found a glowing drain.
  1719 | Sewer    | Entered a sewer
  1807 | Sewer    | Noticed Purgy
  1820 | Sewer    | Killed Purgy
  1820 | Sewer    | Reached XP level 6. HP: 20/32 MP: 9/9
  2228 | D:4      | Found an ancient bone altar of Kikubaaqudgha.
  2231 | D:4      | Found a sacrificial altar of Ru.
  2253 | D:4      | Found a stormy altar of Qazlal.
  2258 | D:4      | Found a burning altar of Makhleb.
  2343 | D:4      | Noticed a phantom
  2396 | D:4      | Killed a phantom
  2396 | D:4      | Reached XP level 7. HP: 21/36 MP: 8/11
  2451 | D:4      | Found a burning altar of Makhleb.
  2565 | D:4      | Noticed Eustachio
  2594 | D:4      | Killed Eustachio
  3388 | D:5      | Entered Level 5 of the Dungeon
  3507 | D:5      | Reached skill level 5 in Shields
  3507 | D:5      | Gained mutation: You have razor-sharp teeth. [Vine Stalker
                  | growth]
  3507 | D:5      | Reached XP level 8. HP: 42/42 MP: 11/13
  3657 | D:5      | Reached skill level 5 in Unarmed Combat
  4112 | D:6      | Found a staircase to the Ecumenical Temple.
  4173 | D:6      | Found a hide-covered altar of Uskayaw.
  4430 | Temple   | Entered the Ecumenical Temple
  4655 | Temple   | Became a worshipper of the Wu Jian Council
  4717 | D:7      | Noticed a hippogriff
  4735 | D:6      | Killed a hippogriff
  4735 | D:6      | Reached XP level 9. HP: 34/46 MP: 13/15
  4875 | D:7      | Noticed Pikel
  4899 | D:6      | Killed Pikel
  4899 | D:6      | Reached skill level 5 in Stealth
  4928 | D:7      | Noticed Harold
  4969 | D:6      | Killed Harold
  4969 | D:6      | Reached skill level 5 in Fighting
  5016 | D:6      | Learned a level 2 spell: Sticks to Snakes
  5022 | D:6      | Learned a level 5 spell: Blade Hands
  5048 | D:7      | Found Buithroe's Distillery.
  5060 | D:7      | Bought a potion of lignification for 42 gold pieces
  5060 | D:7      | Bought a potion of agility for 56 gold pieces
  5060 | D:7      | Bought a potion of curing for 42 gold pieces
  5063 | D:7      | Gained mutation: You evolve. [potion of mutation]
  5063 | D:7      | Gained mutation: You are partially covered in rugged brown
                  | scales. (AC +1, +3% HP) [potion of mutation]
  5063 | D:7      | Gained mutation: You have a pair of small antennae on your
                  | head. [potion of mutation]
  5209 | D:7      | Reached XP level 10. HP: 52/52 MP: 17/17
  5396 | D:8      | Reached * piety under Wu Jian
  5457 | D:8      | Reached skill level 1 in Transmutations
  5625 | D:8      | Noticed Erica
  5881 | D:8      | Killed Erica
  5881 | D:8      | Reached skill level 5 in Spellcasting
  6032 | D:8      | Reached skill level 5 in Armour
  6246 | D:8      | You fall into a shaft and drop 2 floors!
  6246 | D:10     | Entered Level 10 of the Dungeon
  6344 | D:10     | Noticed a two-headed ogre
  6441 | D:9      | Reached XP level 11. HP: 48/57 MP: 20/20
  6521 | D:9      | Found a flagged portal.
  6532 | Bailey   | Entered a bailey
  6690 | Bailey   | Reached ** piety under Wu Jian
  7573 | D:9      | Identified the +10 mace "Tyrghimp" {venom, rPois Stlth+}
  7730 | D:9      | Gained mutation: You rapidly evolve. [evolution]
  7905 | D:9      | Found a shadowy altar of Dithmenos.
  8171 | D:8      | Identified Bahiatoj's Guide on the Hurtful Volcanoes
  8323 | D:10     | Killed a two-headed ogre
  8323 | D:10     | Reached skill level 1 in Evocations
  8337 | D:10     | Reached *** piety under Wu Jian
  8415 | D:10     | Found a blossoming altar of Fedhas.
  8426 | D:10     | Reached skill level 1 in Maces & Flails
  8527 | D:10     | Found a staircase to the Lair.
  8544 | Lair:1   | Entered Level 1 of the Lair of Beasts
  8684 | Lair:1   | Gained mutation: Your system is resistant to poisons.
                  | (rPois) [evolution]
  9034 | Lair:1   | Learned a level 1 spell: Confusing Touch
  9036 | Lair:1   | Learned a level 1 spell: Apportation
  9595 | Lair:2   | Noticed a five-headed hydra
  9647 | Lair:1   | Gained mutation: You heal very quickly. [Vine Stalker
                  | growth]
  9647 | Lair:1   | Reached XP level 12. HP: 38/63 MP: 16/22
  9663 | Lair:1   | Killed a five-headed hydra
  9663 | Lair:1   | Reached skill level 1 in Dodging
  9677 | Lair:1   | Slain by a black mamba

Levels and vault maps discovered:
D:1:      saegor_arrival_simple_a, layout_basic, minmay_misc_feat_rugged,
          minmay_misc_feat_diagonals
D:2:      lemuel_upstairs_altar, layout_basic, uniq_jessica
D:3:      layout_rooms, gup_sewer_entry_bubbles, first_ration, minivault_24
D:4:      layout_basic, grunt_temple_overflow_cloverleaf,
          makhleb_blood_cavern_becter, uniq_eustachio
D:5:      layout_rooms
D:6:      layout_rooms, minmay_temple_entry_ruins, basic_altar, st_stairs_6
D:7:      layout_rooms, serial_shops, shop, uniq_harold, uniq_pikel
D:8:      layout_basic, worms_lemuel, uniq_erica
D:9:      layout_basic, basic_altar, enter_bailey_3, grunt_pizzeria,
          kennysheep_generic_room_9
D:10:     layout_rooms, grunt_lair_entry_orc_guard_hut,
          kennysheep_orc_monster_closet_entryway, fedhas_bush_and_centaur_altar
Temple:   dpeg_five_rooms_temple
Lair:1:   layout_cave_pods, serial_bayou_shore_b, serial_bayou_shore_b,
          serial_bayou_shore_b, serial_bayou_shore_b
Lair:2:   layout_cave_shapes, minmay_snake_entry_spellcaster

Skill      XL: |  1  2  3  4  5  6  7  8  9 10 11 12 |
---------------+-------------------------------------+-----
Shields        | 3 4 5 7 8 9 |  9.1
Fighting       | 3 4 5 6 |  6.4
Stealth        | 1 2 3 4 5 7 8 |  8.2
Spellcasting   | 1 2 3 4 5 6 |  6.2
Unarmed Combat | 3 4 5 7 8 9 |  9.4
Armour         | 3 4 5 |  5.8
Transmutations | 2 3 4 |  4.1
Evocations     | 2 |  2.2
Maces & Flails | 1 2 |  2.0
Dodging        | 1 |  1.0

Action                   |  1- 3 |  4- 6 |  7- 9 | 10-12 || total
-------------------------+-------+-------+-------+-------++-------
Melee: Unarmed           |    61 |       |       |   279 ||   340
       Bite              |    17 |    50 |    98 |   194 ||   359
       Dagger            |    12 |   176 |   296 |   101 ||   585
       Mace              |       |       |       |   148 ||   148
       Trident           |       |       |       |    33 ||    33
 Cast: Sticks to Snakes  |       |       |       |     4 ||     4
Invok: Whirlwind         |       |       |       |    25 ||    25
       Lunge             |       |       |       |    39 ||    39
  Use: Scroll            |       |       |     9 |    13 ||    22
       Potion            |       |       |     1 |       ||     1
 Stab: Sleeping          |       |     3 |     8 |    13 ||    24
  Eat: Chunk             |       |     5 |     6 |    12 ||    23
       Ration            |       |       |     1 |     1 ||     2
Armor: Scale mail        |    36 |    52 |       |       ||    88
       Troll leather arm |       |     7 |    22 |   208 ||   237
       Chain mail        |       |       |    71 |       ||    71
Dodge: Dodged            |    17 |    43 |    83 |   216 ||   359
Block: Shield            |    40 |    89 |   162 |   399 ||   690
